Map: Acropolis LE

Players

Billy

  • Race: Protoss Protoss
  • League: Master
  • Spawn Location: 11:00

Mez - Winner!

  • Race: Terran Terran
  • League: Master
  • Spawn Location: 5:00

VOD

Have the link to the VOD?

Description

Time

  • Played on: July 31, 2019, 2:06 a.m.
  • Length: 9:22
Show
View Real Time Build Order
Export as new Build Order

Billy Protoss 

Build Orders:  

Get SALT Encoding   

  12  0:11  Probe  
  13  0:23  Probe  
  13  0:27  Pylon  
  14  0:35  Probe  
  15  0:45  Probe  
  15  0:49  Gateway  
  16  0:51  Assimilator  
  16  0:53  Probe  
  17  1:01  Probe  
  17  1:05  Pylon  
  18  1:13  Probe  
  19  1:25  Probe  
  19  1:27  Assimilator  
  20  1:36  Cybernetics Core  
  20  1:38  Probe  
  21  1:50  Probe  
  22  2:02  Probe  
  22  2:05  Stalker  
  23  2:14  Probe  
  25  2:25  Stalker  
  25  2:27  Probe  
  26  2:30  Warp Gate, Pylon  
  28  2:39  Probe  
  29  2:45  Assimilator  
  29  2:51  Probe  
  29  2:55  Sentry  
  29  2:57  Gateway  
  32  3:04  Probe  
  33  3:10  Gateway  
  33  3:16  Probe  
  34  3:22  Robotics Facility  
  34  3:30  Probe  
  34  3:31  Nexus  
  35  3:42  Probe  
  36  3:50  Pylon  
  36  3:54  Probe  
  37  4:07  Observer  
  37  4:09  Nexus  
  37  4:12  Probe  
  39  4:21  Shield Battery  
  39  4:24  Probe, Observer  
  39  4:29  Assimilator  
  41  4:33  Assimilator  
  41  4:36  Probe  
  42  4:38  Observer  
  42  4:42  Probe  
  43  4:48  Probe  
  43  4:50  Probe  
  45  4:55  Robotics Bay  
  46  5:00  Probe  
  46  5:05  Immortal  
  51  5:07  Probe  
  51  5:12  Adept  
  54  5:20  Stalker  
  56  5:26  Zealot  
  42  5:37  Zealot  
  40  5:48  Probe  
  34  5:52  Probe x2  
  34  5:56  Probe  
  37  6:03  Probe  
  37  6:04  Probe  
  37  6:07  Colossus  
  37  6:11  Probe x2  
  44  6:16  Probe  
  47  6:19  Probe x2  
  49  6:28  Extended Thermal Lance, Probe x2  
  49  6:32  Sentry  
  53  6:36  Sentry  
  53  6:37  Sentry, Probe  
  53  6:39  Probe  
  58  6:41  Probe  
  58  6:45  Probe  
  60  6:47  Probe  
  60  6:53  Probe  
  63  6:54  Observer  
  63  6:55  Probe, Forge  
  63  6:56  Probe  
  65  7:02  Colossus  
  65  7:05  Probe  
  65  7:07  Probe x2, Forge  
  68  7:22  Probe  
  75  7:32  Pylon  
  75  7:33  Pylon  
  75  7:34  Probe  
  75  7:45  Nexus  
  75  7:46  Pylon  
  73  8:01  Colossus  
  73  8:03  Pylon  
  79  8:19  Twilight Council  
  79  8:20  Probe  
  79  8:21  Probe  
  79  8:27  Stalker  
  83  8:43  Shield Battery  
  83  8:44  Shield Battery  
  83  8:53  Stalker x3  
Show
View Real Time Build Order
Export as new Build Order

Mez Terran - Winner!

Build Orders: Reaper Expand 

Get SALT Encoding   

  12  0:00  SCV  
  13  0:13  SCV  
  14  0:17  Supply Depot  
  14  0:25  SCV  
  15  0:38  SCV  
  15  0:40  Barracks  
  16  0:45  Refinery  
  16  0:50  SCV  
  17  1:03  SCV  
  18  1:15  SCV  
  19  1:28  Reaper, Orbital Command  
  20  1:45  Command Center  
  20  1:54  SCV  
  21  2:04  Engineering Bay  
  21  2:05  Barracks Reactor  
  21  2:12  SCV  
  22  2:22  Barracks  
  22  2:24  SCV  
  22  2:25  Barracks  
  22  2:29  Supply Depot  
  22  2:40  SCV  
  22  2:42  Bunker  
  23  2:50  Marine x2  
  25  2:52  SCV  
  25  3:06  SCV  
  25  3:07  Orbital Command  
  25  3:08  Marine x2  
  25  3:10  Barracks Tech Lab  
  28  3:17  Marine  
  28  3:18  SCV  
  30  3:28  Marine x2  
  30  3:30  Concussive Shells, SCV, Marauder  
  35  3:35  SCV  
  36  3:42  SCV  
  36  3:47  SCV, Marine x3  
  41  3:53  Bunker, Supply Depot  
  41  3:54  Engineering Bay  
  40  4:03  SCV  
  40  4:08  SCV  
  42  4:13  Stimpack, Marine x2  
  42  4:14  Marine, Marauder  
  42  4:15  SCV  
  48  4:17  Supply Depot  
  48  4:23  SCV  
  49  4:26  Missile Turret  
  49  4:35  Command Center  
  49  4:38  Marine x3  
  49  4:39  Marine  
  53  4:46  Factory  
  53  4:47  Supply Depot  
  53  4:49  SCV  
  53  4:50  SCV  
  55  4:56  Refinery  
  55  4:59  Refinery  
  55  5:01  Marine  
  55  5:02  SCV x2  
  58  5:14  SCV x2  
  56  5:32  Marine x3, Marauder  
  56  5:35  SCV x2  
  59  5:40  Starport, Factory Reactor  
  58  5:45  Barracks  
  58  5:46  Barracks  
  58  5:47  SCV x2  
  56  5:54  Refinery, Marauder  
  56  5:56  Supply Depot  
  55  5:58  Terran Infantry Weapons Level 1, Supply Depot  
  55  5:59  SCV x2, Marine  
  57  6:05  Orbital Command  
  57  6:13  Barracks Tech Lab  
  57  6:14  Combat Shield  
  57  6:20  SCV x2  
  57  6:23  Supply Depot  
  59  6:32  SCV x2  
  61  6:33  Medivac x2  
  61  6:36  Orbital Command  
  65  6:42  Barracks Reactor  
  65  6:44  Barracks Tech Lab x2  
  65  6:45  Barracks Reactor, Marine  
  65  6:46  Marine, Marauder  
  69  6:48  SCV  
  70  6:58  Missile Turret  
  70  7:04  SCV, Marine, Marauder x2  
  70  7:05  SCV x2  
  70  7:07  Marauder  
  80  7:11  Marine  
  80  7:13  Supply Depot  
  81  7:16  Armory, Medivac  
  81  7:17  SCV x3  
  81  7:18  Engineering Bay  
  81  7:22  Marine  
  87  7:25  Marine, Marauder  
  90  7:33  Marine x3, Marauder  
  90  7:35  SCV x3  
  98  7:39  Marine  
  98  7:41  Refinery  
  98  7:42  Supply Depot  
  98  7:43  Marauder  
  101  7:46  Marine, Command Center  
  102  7:52  Medivac x2  
  102  7:55  Marauder  
  108  7:59  Marine x3  
  108  8:05  Marauder  
  113  8:08  Supply Depot  
  113  8:11  Supply Depot  
  113  8:18  Marine x4, Marauder x2  
  121  8:22  Medivac x2  
  125  8:30  Marauder  
  126  8:36  Marine  
  126  8:38  Marine  
  126  8:39  Marine x2  
  126  8:40  Marauder x2  
  133  8:44  Supply Depot  
  133  8:45  Supply Depot  
  133  8:46  Barracks  
  133  8:47  Barracks x2  
  133  8:52  Marauder  
  135  8:58  Marine x4  
  135  9:01  Marauder x2  
Tags
 
Add a new tag
Caveats
  • Supply blocks, unpowered buildings, or Contaminate may cause inaccurate times.
  • Supply counts are checked every 10 seconds.